 Dungeon Crawl Stone Soup version 0.30.2 (webtiles) character file.

Game seed: 6910635663339722488

33 sking99 the Caller (level 3, 20/20 HPs)
             Began as a Gargoyle Summoner on Nov 27, 2023.
             Quit the game on level 1 of the Dungeon on Feb 29, 2024.
             The game lasted 00:04:35 (1230 turns).

sking99 the Caller (Gargoyle Summoner)              Turns: 1230, Time: 00:04:36

Health: 20/20      AC:  5    Str: 13    XL:     3   Next: 29%
Magic:  6/6        EV: 12    Int: 15    God:
Gold:   45         SH:  0    Dex: 10    Spells: 3/6 levels left

rFire   . . .        d - +0 dagger
rCold   . . .        (no shield)
rNeg    + . .        a - +0 robe
rPois   ∞            (no helmet)
rElec   +            (no cloak)
rCorr   .            (no gloves)
SInv    .            (no boots)
Will    .....        (no amulet)
Stlth   ++           (no ring)
HPRegen 0.23/turn    (no ring)
MPRegen 0.10/turn

%: no passive effects
@: no status effects
A: sickness immunity, AC +3, negative energy resistance 1, electricity
resistance, torment resistance 1, petrification resistance
a: no special abilities


You were on level 1 of the Dungeon.
You visited 1 branch of the dungeon, and saw 1 of its levels.

You collected 45 gold pieces.

Inventory:

Hand Weapons
 d - a +0 dagger (weapon)
Armour
 a - a +0 robe (worn)
Scrolls
 c - a scroll of acquirement {unknown}
 e - a scroll of poison {unknown}
 f - a scroll of identify {unknown}
 h - a scroll of fog {unknown}
Potions
 b - a potion of magic
 g - a potion of curing {unknown}
 i - a potion of berserk rage {unknown}
 j - a potion of haste {unknown}


   Skills:
 + Level 1.1 Fighting
 - Level 1.6 Dodging
 + Level 2.7 Stealth
 + Level 2.3 Spellcasting
 * Level 4.0 Summonings


You had 3 spell levels left.
You knew the following spells:

 Your Spells              Type           Power      Damage    Failure   Level
a - Summon Small Mammal   Summ           52%        N/A       4%          1
b - Call Imp              Summ           26%        N/A       6%          2

Your spell library contained the following spells:

 Spells                   Type           Power      Damage    Failure   Level
 Call Canine Familiar     Summ           13%        N/A       12%         3
 Summon Guardian Golem    Hex/Summ       7%         N/A       28%         3
 Summon Lightning Spire   Summ/Air       7%         N/A       67%         4


Dungeon Overview and Level Annotations

Branches:
Dungeon (1/15)

Altars:


Innate Abilities, Weirdness & Mutations

You are immune to sickness and miasma.
Your stone body is resilient. (AC +3)
You are immune to poison.
You resist negative energy. (rN+)
You are resistant to electric shocks. (rElec)
You are resistant to unholy torment.
You are immune to petrification.


Message History

Your cerulean imp disappears in a puff of smoke!
The quokka barely misses you.
Casting: Call Imp (safe; 6% risk of failure)
Confirm with . or Enter, or press ? or * to list all spells.
A tiny devil pulls itself out of the air.
The quokka bites you but does no damage.
The quokka closely misses you.
You hit the quokka.
The quokka is almost dead.
The quokka misses you.
Your cerulean imp misses the quokka.
You miss the quokka.
The quokka is almost dead.
The quokka closely misses you.
Your cerulean imp barely misses the quokka.
You miss the quokka.
The quokka is almost dead.
The quokka barely misses you.
Your cerulean imp hits the quokka but does no damage.
You hit the quokka.
You kill the quokka!
You start resting.
Magic restored.
You start waiting.
Your cerulean imp disappears in a puff of smoke!
Done waiting.
j - a pink potion A frilled lizard comes into view.
A frilled lizard is nearby!
A frilled lizard is nearby!
Welcome back, sking99 the Gargoyle Summoner.
Press ? for a list of commands and other information.
Unknown command.
Unknown command.
Welcome back, sking99 the Gargoyle Summoner.
Press ? for a list of commands and other information.
Saving game... please wait.
Welcome back, sking99 the Gargoyle Summoner.
Press ? for a list of commands and other information.
Unknown command.
Are you sure you want to abandon this character and quit the game? (Confirm with "yes".)

#.# #.P.♣..♣....... #.#
#..♣......[.... #l#
#......P....... #.#
##..........### #.#
######..#### #.# #..#
#.###.#########..#
#................#
#####.@########.#######
##.# #........ #.#
#.####### #.# #.....#
#.# #####.# #.# #.# #.#
#.# ... #.### #....


You could see a frilled lizard (asleep).

Vanquished Creatures
  A dart slug (D:1)
  A ball python (D:1)
  A bat (D:1)
  2 endoplasms (D:1)
  A giant cockroach (D:1)
  A jackal (D:1)
  A quokka (D:1)
  A goblin (D:1)
  A rat (D:1)
10 creatures vanquished.

Vanquished Creatures (collateral kills)
  A dart slug (D:1)
  2 ball pythons (D:1)
  An endoplasm (D:1)
  A hobgoblin (D:1)
  3 jackals (D:1)
  A quokka (D:1)
  A bat (D:1)
  4 kobolds (D:1)
  2 rats (D:1)
16 creatures vanquished.

Grand Total: 26 creatures vanquished

Notes
Turn   | Place    | Note
-------+----------+-------------------------------------------
     0 | D:1      | sking99 the Gargoyle Summoner began the quest for the Orb.
     0 | D:1      | Reached XP level 1. HP: 10/10 MP: 3/3
   220 | D:1      | Reached XP level 2. HP: 15/15 MP: 3/5
   337 | D:1      | Learned a level 2 spell: Call Imp
   612 | D:1      | Reached XP level 3. HP: 17/20 MP: 3/6
   735 | D:1      | Reached skill level 1 in Fighting
   788 | D:1      | Found a faded altar of an unknown god.
   792 | D:1      | Reached skill level 4 in Summonings
  1230 | D:1      | Upgraded the game from 0.30-b1-2-g02819fbbbe to 0.30.2
  1230 | D:1      | Quit the game

Illustrated notes

Levels and vault maps discovered:
D:1:      dpeg_arrival_snail, layout_loops_ring,
          dreamdust_ecumenical_altar_grove

Skill      XL: |  1  2  3 |
---------------+----------+-----
Fighting       | 1 |  1.1
Summonings     | 4 |  4.0
Dodging        | |  1.6
Stealth        | |  2.7
Spellcasting   | |  2.3

Action                     || total
---------------------------++-------
  Melee: Dagger            ||    58
         Unarmed           ||     7
   Cast: Summon Small Mamm ||    13
         Call Imp          ||     9
   Stab: Distracted        ||     1
         Sleeping          ||     1
 Armour: Robe              ||    22
  Dodge: Dodged            ||    64
